cohdb
Replays
Latest Replays
All Replays
Popular Replays
Top Player Replays
Match Explorer
How It Works
Community
CoH3 Stats
Reddit
Sign in to upload your games and track your stats! →
Sign in with Steam
Match 40902977
Unlisted
Match 40902977
Overview
Messages
Build Orders
End
Panzergrenadier Squad
Selects Battlefield Espionage Battlegroup
250 Light Carrier
Panzergrenadier Squad
Construct Light Support Kompanie
Combat Half-tracks
Construct Mechanized Kompanie
Fire Support Elements
Selects Intel Disruption Beacon
le.IG 18 Mechanized Group
StuG III D Assault Gun
Selects Plunder
Pak 38 Anti-tank Gun Team
StuG III D Assault Gun
Vehicle Survival Package
Construct Panzerarmee Kommand
Selects Firestorm
Armored Reserves
Veteran Squad Leaders
Flak 36 Anti-tank Gun Team
Para_Dilshan
RhumsteaK
TiboZ
Grimestride
Tobish
Barnes
Animefreak
canon75
0
0
Comments
sign in to comment!
No comments posted yet!